Senators vs Wolves

Created - Wednesday, January 27, 2016 at 12:23

Goals
1 2 3 OT1 SO T
Senators 0 0 1 0 2 2
Wolves 0 0 1 0 1 1
Shots
1 2 3 OT1 SO T
Senators 7 4 9 5 4 25
Wolves 7 10 10 4 4 31

1st period

No Goal

Penalties :
Ryan Reaves (CHI) for Roughing (Minor) at 9:41

2nd period

No Goal

Penalties :
Joe Whitney (CHI) for Elbowing (Minor) at 3:43, Tom Nilsson (BIN) for Tripping (Minor) at 13:07, Joe Finley (BIN) for Goalie Interference (Minor) at 18:58

3rd period

1. Wolves , Joakim Nordstrom 17 (Andre Benoit) at 0:31 (PP)
2. Senators , Greg Nemisz 11 (Mike Brown, Viktor Loov) at 6:37

Penalties :
Evan Trupp (BIN) for Elbowing (Minor) at 12:38, Tom Nilsson (BIN) for Hooking (Minor) at 15:12

Overtime #1

No Goal

Penalties :
No Penalty

Shootout

Penalty Shot by Greg Nemisz for Senators - Goal!
Penalty Shot by Ryan Reaves for Wolves - Shot Misses the Net
Penalty Shot by Cody Hodgson for Senators - Stopped by Evgeni Nabokov
Penalty Shot by Joakim Nordstrom for Wolves - Goal!
Penalty Shot by Colin Greening for Senators - Stopped by Evgeni Nabokov
Penalty Shot by Brian O'Neill for Wolves - Stopped by Jean-Francois Berube
Penalty Shot by Ryan Craig for Senators - Goal!
Penalty Shot by Colton Sissons for Wolves - Stopped by Jean-Francois Berube

Penalties :
No Penalty

Goalie Stats

Jean-Francois Berube (BIN), 30 saves from 31 shots - (0.968), W, 20-17-15, 65:00 minutes
Evgeni Nabokov (CHI), 24 saves from 25 shots - (0.960), OTL, 26-6-7, 65:00 minutes

Players Stats for Senators

Player Name              G  A  P  +/- PIM S  H  SB GA TA FO     MP     PP MP  PK MP  
------------------------------------------------------------------------------------
Cody Hodgson             0  0  0   0  0   1  0  0  1  0  3/8    24:17   1:12   4:43 
Colin Greening           0  0  0   0  0   2  2  0  2  1  0/0    13:30   1:34   0:00 
Colton Orr               0  0  0   0  0   0  3  1  0  0  2/4    14:45   0:22   0:00 
Connor Brown             0  0  0   0  0   3  0  0  6  3  4/4    19:19   0:00   3:26 
Darcy Zajac              0  0  0   0  0   0  1  0  1  0  4/4    12:02   0:00   2:20 
Emerson Etem             0  0  0   0  0   0  1  2  0  0  0/1    11:39   1:34   0:41 
Evan Trupp               0  0  0   0  2   3  2  1  1  0  4/6    17:33   0:00   1:55 
Greg Nemisz              1  0  1   1  0   5  0  2  0  0  0/0    16:10   2:24   0:00 
Griffin Reinhart         0  0  0   0  0   2  4  0  3  1  0/0    26:01   1:37   4:03 
Jesse Blacker            0  0  0   0  0   0  0  3  0  2  0/0    26:01   1:37   4:03 
Joe Finley               0  0  0   1  2   0  4  1  0  1  0/0    23:34   2:21   3:26 
Kenny Ryan               0  0  0   0  0   1  0  0  0  0  0/0     8:38   0:00   0:00 
Matt Finn                0  0  0   0  0   1  1  1  0  1  0/0    15:23   0:00   0:00 
Mike Brown               0  1  1   1  0   4  2  0  7  0  0/0    18:50   2:24   1:53 
Philip McRae             0  0  0   0  0   0  0  0  2  0  2/3     8:38   0:00   0:00 
Ryan Craig               0  0  0   1  0   1  0  2  1  0  3/6    16:10   2:24   0:00 
Tom Nilsson              0  0  0   0  4   0  0  1  0  1  0/0    16:17   0:00   0:00 
Viktor Loov              0  1  1   1  0   2  0  3  0  3  0/0    23:35   2:21   3:26 

Players Stats for Wolves

Player Name              G  A  P  +/- PIM S  H  SB GA TA FO     MP     PP MP  PK MP  
------------------------------------------------------------------------------------
Adam Pelech              0  0  0   0  0   0  0  1  1  2  0/0    22:53   2:22   2:09 
Andre Benoit             0  1  1  -1  0   4  1  3  0  4  0/0    27:59   5:07   1:49 
Brian O'Neill            0  0  0   0  0   3  2  0  0  1  0/0    18:29   3:01   0:55 
Chris Brown              0  0  0   0  0   0  4  0  3  0  0/0    17:39   3:01   0:20 
Colton Sissons           0  0  0   0  0   4  1  0  2  1  1/8    19:34   3:01   2:12 
Evan Rankin              0  0  0   0  0   5  0  1  1  0  0/1    17:02   0:44   0:00 
Gus Young                0  0  0   0  0   0  3  2  0  1  0/0    14:07   0:00   0:00 
Joakim Nordstrom         1  0  1  -1  0   1  2  1  4  1  4/11   20:41   4:28   2:25 
Joe Piskula              0  0  0   0  0   2  1  4  0  4  0/0    22:53   2:22   2:09 
Joe Whitney              0  0  0  -1  2   3  0  1  3  1  0/0    19:09   4:28   0:38 
Josh Anderson            0  0  0   0  0   1  0  0  3  0  0/0    14:10   0:00   0:00 
Kevin Gagne              0  0  0   0  0   0  0  0  0  0  0/0    14:07   0:00   0:00 
Kevin Lynch              0  0  0   0  0   0  1  0  2  0  1/2     8:48   0:00   0:00 
Ryan Reaves              0  0  0  -1  2   1  5  2  0  0  4/6    23:44   3:44   0:50 
Ryan Sproul              0  0  0  -1  0   2  2  1  0  1  0/0    22:50   5:07   1:49 
Scott Kosmachuk          0  0  0   0  0   1  0  0  0  0  0/0    10:46   0:00   0:00 
Sebastian Wannstrom      0  0  0   0  0   4  1  0  0  0  4/8    15:55   0:00   0:36 
Zach Miskovic            0  0  0   0  0   0  1  1  0  0  0/0     5:09   0:00   0:00 

3 Stars

1 - Jean-Francois Berube (BIN)
2 - Evgeni Nabokov (CHI)
3 - Greg Nemisz (BIN)

Power Play

Senators - 0 on 2 Attempt(s) - 0.00%
Wolves - 1 on 4 Attempt(s) - 25.00%

Penalty Kill

Senators - 3 on 4 Attempt(s) - 75.00% - Score 0 goal in Penalty Kill
Wolves - 2 on 2 Attempt(s) - 100.00% - Score 0 goal in Penalty Kill

Team Stat

Senators - Hits : 20 - Faceoff Wins : 22 - Blocked Shots : 17 - Penalty Minutes : 8
Wolves - Hits : 24 - Faceoff Wins : 14 - Blocked Shots : 17 - Penalty Minutes : 4

Official

Referees : Unknown
Linesman : Unknown

Game Notes

Emerson Etem is injured at 14:33 of 2nd period (Right Knee)

Finance

Level 1 -- Attendance: 1432 (71.60%) -- Ticket Income $35,800
Level 2 -- Attendance: 706 (70.60%) -- Ticket Income $5,648
Total Attendance: 2138 (71.27%)
Total Ticket Income: $41,448
Other Income: $20,310
Total Income: $61,758

Senators

5 vs 5 Forward 
   Center                   Left Wing                Right Wing               Time % Phy DF OF 
 1 Cody Hodgson             Emerson Etem             Colin Greening           35     1   2  2  
 2 Ryan Craig               Mike Brown               Greg Nemisz              30     1   2  2  
 3 Evan Trupp               Emerson Etem             Connor Brown             22     1   2  2  
 4 Philip McRae             Cody Hodgson             Kenny Ryan               13     1   2  2  

5 vs 5 Defense 
   Defense                  Defense                                           Time % Phy DF OF 
 1 Jesse Blacker            Griffin Reinhart                                  35     1   2  2  
 2 Joe Finley               Viktor Loov                                       30     1   2  2  
 3 Matt Finn                Tom Nilsson                                       22     1   2  2  
 4 Jesse Blacker            Griffin Reinhart                                  13     1   2  2  

PowerPlay Forward 
   Center                   Left Wing                Right Wing               Time % Phy DF OF 
 1 Cody Hodgson             Emerson Etem             Colin Greening           60     1   2  2  
 2 Ryan Craig               Mike Brown               Greg Nemisz              40     1   2  2  

PowerPlay Defense
   Defense                  Defense                                           Time % Phy DF OF 
 1 Jesse Blacker            Griffin Reinhart                                  60     1   2  2  
 2 Joe Finley               Viktor Loov                                       40     1   2  2  

Penalty Kill 4 Players Forward 
   Center                   Wing                     Time % Phy DF OF 
 1 Emerson Etem             Cody Hodgson             60     1   2  2  
 2 Colin Greening           Ryan Craig               40     1   2  2  

Penalty Kill 4 Players Defense
   Defense                  Defense                  Time % Phy DF OF 
 1 Jesse Blacker            Griffin Reinhart         60     1   2  2  
 2 Joe Finley               Viktor Loov              40     1   2  2  

Penalty Kill - 3 Players Forward 
   Forward                                           Time % Phy DF OF 
 1 Emerson Etem                                      60     1   2  2  
 2 Cody Hodgson                                      40     1   2  2  

Penalty Kill - 3 Players Defense
   Defense                  Defense                  Time % Phy DF OF 
 1 Jesse Blacker            Griffin Reinhart         60     1   2  2  
 2 Joe Finley               Viktor Loov              40     1   2  2  

4 vs 4 Forward 
   Center                   Wing                     Time % Phy DF OF 
 1 Emerson Etem             Cody Hodgson             60     1   2  2  
 2 Colin Greening           Ryan Craig               40     1   2  2  

4 vs 4 Defense
   Defense                  Defense                  Time % Phy DF OF 
 1 Jesse Blacker            Griffin Reinhart         60     1   2  2  
 2 Joe Finley               Viktor Loov              40     1   2  2  

Last Minutes Offensive
   Center                   Left Wing                Right Wing               Defense                  Defense                  
   Cody Hodgson             Emerson Etem             Colin Greening           Jesse Blacker            Griffin Reinhart         

Last Minutes Defensive
   Center                   Left Wing                Right Wing               Defense                  Defense                  
   Cody Hodgson             Emerson Etem             Colin Greening           Jesse Blacker            Griffin Reinhart         

Goaltenders
Starting : Jean-Francois Berube     
Backup : Cedrick Desjardins       

Extra Forwards
Normal : Colton Orr, Darcy Zajac, Connor Brown - PP : Colton Orr, Darcy Zajac - PK : Connor Brown
Extra Defensemen
Normal : Matt Finn, Tom Nilsson, Joe Finley - PP : Matt Finn - PK : Tom Nilsson, Joe Finley
Penalty Shots
Emerson Etem, Cody Hodgson, Colin Greening, Ryan Craig, Mike Brown

Wolves

5 vs 5 Forward 
   Center                   Left Wing                Right Wing               Time % Phy DF OF 
 1 Joakim Nordstrom         Joe Whitney              Ryan Reaves              35     1   2  2  
 2 Colton Sissons           Chris Brown              Brian O'Neill            30     1   2  2  
 3 Sebastian Wannstrom      Josh Anderson            Evan Rankin              22     1   2  2  
 4 Kevin Lynch              Ryan Reaves              Scott Kosmachuk          13     1   2  2  

5 vs 5 Defense 
   Defense                  Defense                                           Time % Phy DF OF 
 1 Andre Benoit             Ryan Sproul                                       35     1   2  2  
 2 Joe Piskula              Adam Pelech                                       30     1   2  2  
 3 Kevin Gagne              Gus Young                                         22     1   2  2  
 4 Zach Miskovic            Andre Benoit                                      13     1   2  2  

PowerPlay Forward 
   Center                   Left Wing                Right Wing               Time % Phy DF OF 
 1 Joakim Nordstrom         Joe Whitney              Ryan Reaves              60     1   2  2  
 2 Colton Sissons           Chris Brown              Brian O'Neill            40     1   2  2  

PowerPlay Defense
   Defense                  Defense                                           Time % Phy DF OF 
 1 Andre Benoit             Ryan Sproul                                       60     1   2  2  
 2 Joe Piskula              Adam Pelech                                       40     1   2  2  

Penalty Kill 4 Players Forward 
   Center                   Wing                     Time % Phy DF OF 
 1 Ryan Reaves              Joakim Nordstrom         60     1   2  2  
 2 Brian O'Neill            Colton Sissons           40     1   2  2  

Penalty Kill 4 Players Defense
   Defense                  Defense                  Time % Phy DF OF 
 1 Andre Benoit             Ryan Sproul              60     1   2  2  
 2 Joe Piskula              Adam Pelech              40     1   2  2  

Penalty Kill - 3 Players Forward 
   Forward                                           Time % Phy DF OF 
 1 Ryan Reaves                                       60     1   2  2  
 2 Joakim Nordstrom                                  40     1   2  2  

Penalty Kill - 3 Players Defense
   Defense                  Defense                  Time % Phy DF OF 
 1 Andre Benoit             Ryan Sproul              60     1   2  2  
 2 Joe Piskula              Adam Pelech              40     1   2  2  

4 vs 4 Forward 
   Center                   Wing                     Time % Phy DF OF 
 1 Ryan Reaves              Joakim Nordstrom         60     1   2  2  
 2 Brian O'Neill            Colton Sissons           40     1   2  2  

4 vs 4 Defense
   Defense                  Defense                  Time % Phy DF OF 
 1 Andre Benoit             Ryan Sproul              60     1   2  2  
 2 Joe Piskula              Adam Pelech              40     1   2  2  

Last Minutes Offensive
   Center                   Left Wing                Right Wing               Defense                  Defense                  
   Joakim Nordstrom         Joe Whitney              Ryan Reaves              Andre Benoit             Ryan Sproul              

Last Minutes Defensive
   Center                   Left Wing                Right Wing               Defense                  Defense                  
   Joakim Nordstrom         Joe Whitney              Ryan Reaves              Andre Benoit             Ryan Sproul              

Goaltenders
Starting : Evgeni Nabokov           
Backup : FARM GOALIE18            

Extra Forwards
Normal : Evan Rankin, Scott Kosmachuk, Sebastian Wannstrom - PP : Evan Rankin, Scott Kosmachuk - PK : Sebastian Wannstrom
Extra Defensemen
Normal : Kevin Gagne, Gus Young, Zach Miskovic - PP : Kevin Gagne - PK : Gus Young, Zach Miskovic
Penalty Shots
Ryan Reaves, Joakim Nordstrom, Brian O'Neill, Colton Sissons, Joe Whitney

% Time on Ice - Senators

Lines # - Real PCT - Wanted PCT - Time Play
Normal Forward
1 - 27% - 35% - 12:55
2 - 28% - 30% - 13:46
3 - 27% - 22% - 13:13
4 - 18% - 13% - 8:38
Normal Defense
1 - 30% - 35% - 14:41
2 - 32% - 30% - 15:40
3 - 32% - 22% - 15:23
4 - 6% - 13% - 2:48
PP Forward
1 - 39% - 60% - 1:34
2 - 61% - 40% - 2:24
PP Defense
1 - 41% - 60% - 1:37
2 - 59% - 40% - 2:21
PK Forward
1 - 100% - 60% - 7:30
2 - 0% - 40% - 0:00
PK Defense
1 - 54% - 60% - 4:03
2 - 46% - 40% - 3:27
PK3 Forward
1 - 0% - 60%
2 - 0% - 40%
PK3 Defense
1 - 0% - 60%
2 - 0% - 40%
44 Forward
1 - 100% - 60% - 5:00
2 - 0% - 40% - 0:00
44 Defense
1 - 57% - 60% - 2:52
2 - 43% - 40% - 2:08
Last Minute Offensive  - 0:00
Last Minute Defensive  - 0:00
Total
Forward - 65:00
Defense - 65:00

% Time on Ice - Wolves

Lines # - Real PCT - Wanted PCT - Time Play
Normal Forward
1 - 23% - 35% - 11:16
2 - 29% - 30% - 14:18
3 - 29% - 22% - 14:10
4 - 18% - 13% - 8:48
Normal Defense
1 - 27% - 35% - 13:12
2 - 33% - 30% - 16:04
3 - 29% - 22% - 14:07
4 - 11% - 13% - 5:09
PP Forward
1 - 60% - 60% - 4:28
2 - 40% - 40% - 3:02
PP Defense
1 - 68% - 60% - 5:08
2 - 32% - 40% - 2:22
PK Forward
1 - 77% - 60% - 3:03
2 - 23% - 40% - 0:55
PK Defense
1 - 46% - 60% - 1:49
2 - 54% - 40% - 2:09
PK3 Forward
1 - 0% - 60%
2 - 0% - 40%
PK3 Defense
1 - 0% - 60%
2 - 0% - 40%
44 Forward
1 - 95% - 60% - 4:45
2 - 5% - 40% - 0:15
44 Defense
1 - 54% - 60% - 2:42
2 - 46% - 40% - 2:18
Last Minute Offensive  - 0:00
Last Minute Defensive  - 0:00
Total
Forward - 65:00
Defense - 65:00

Play by Play

1st period


0:01 of 1st period - Joakim Nordstrom wins face-off versus Cody Hodgson in neutral zone.
0:18 of 1st period - Wrist shot by Joe Whitney.
0:18 of 1st period - Shot Misses the Net.
0:24 of 1st period - Joakim Nordstrom is hit by Emerson Etem and loses puck.
0:54 of 1st period - Greg Nemisz is hit by Chris Brown and loses puck.
1:38 of 1st period - Wrist shot by Emerson Etem.
1:38 of 1st period - Shot Blocked by Joe Piskula.
3:08 of 1st period - Wrist shot by Ryan Craig.
3:08 of 1st period - Shot Blocked by Adam Pelech.
3:10 of 1st period - Slapshot by Jesse Blacker.
3:10 of 1st period - Shot Blocked by Joe Piskula.
3:12 of 1st period - Snap shot by Greg Nemisz.
3:12 of 1st period - Stopped by Evgeni Nabokov with a rebound.
3:30 of 1st period - Slapshot by Connor Brown.
3:30 of 1st period - Shot Misses the Net.
3:32 of 1st period - Snap shot by Connor Brown.
3:32 of 1st period - Shot Blocked by Joe Whitney.
3:34 of 1st period - Snap shot by Evan Trupp.
3:34 of 1st period - Stopped by Evgeni Nabokov with a rebound.
3:56 of 1st period - Slapshot by Andre Benoit.
3:56 of 1st period - Shot Blocked by Joe Finley.
3:58 of 1st period - Snap shot by Brian O'Neill.
3:58 of 1st period - Shot Blocked by Ryan Craig.
4:00 of 1st period - Wrist shot by Andre Benoit.
4:00 of 1st period - Shot Misses the Net.
4:02 of 1st period - Slapshot by Brian O'Neill.
4:02 of 1st period - Shot Misses the Net.
4:04 of 1st period - Slapshot by Zach Miskovic.
4:04 of 1st period - Shot Misses the Net.
4:06 of 1st period - Backhand shot by Andre Benoit.
4:06 of 1st period - Stopped by Jean-Francois Berube with a rebound.
4:08 of 1st period - Snap shot by Colton Sissons.
4:08 of 1st period - Shot Misses the Net.
4:10 of 1st period - Slapshot by Andre Benoit.
4:10 of 1st period - Stopped by Jean-Francois Berube with a rebound.
4:14 of 1st period - Wrist shot by Chris Brown.
4:14 of 1st period - Shot Misses the Net.
4:30 of 1st period - Snap shot by Evan Rankin.
4:30 of 1st period - Stopped by Jean-Francois Berube with a rebound.
5:26 of 1st period - Snap shot by Philip McRae.
5:26 of 1st period - Shot Blocked by Andre Benoit.
5:28 of 1st period - Slapshot by Griffin Reinhart.
5:28 of 1st period - Shot Blocked by Andre Benoit.
5:30 of 1st period - Slapshot by Cody Hodgson.
5:30 of 1st period - Deflect By Kenny Ryan.
5:30 of 1st period - Stopped by Evgeni Nabokov with a rebound.
6:55 of 1st period - Connor Brown is hit by Gus Young and loses puck.
7:00 of 1st period - Slapshot by Andre Benoit.
7:00 of 1st period - Stopped by Jean-Francois Berube with a rebound.
7:18 of 1st period - Slapshot by Brian O'Neill.
7:18 of 1st period - Shot Blocked by Tom Nilsson.
7:41 of 1st period - Wrist shot by Ryan Craig.
7:41 of 1st period - Stopped by Evgeni Nabokov with a rebound.
9:01 of 1st period - Wrist shot by Joe Whitney.
9:01 of 1st period - Shot Misses the Net.
9:41 of 1st period - Minor Penalty to Ryan Reaves for Roughing.
9:42 of 1st period - Colton Sissons wins face-off versus Ryan Craig in Wolves zone.
11:13 of 1st period - Snap shot by Joe Whitney.
11:13 of 1st period - Shot Blocked by Greg Nemisz.
11:15 of 1st period - Slapshot by Chris Brown.
11:15 of 1st period - Shot Blocked by Viktor Loov.
11:17 of 1st period - Slapshot by Ryan Sproul.
11:17 of 1st period - Shot Blocked by Greg Nemisz.
11:33 of 1st period - Wrist shot by Joe Whitney.
11:33 of 1st period - Shot Hit the Post.
11:35 of 1st period - Slapshot by Joe Piskula.
11:35 of 1st period - Stopped by Jean-Francois Berube without a rebound.
11:36 of 1st period - Cody Hodgson wins face-off versus Colton Sissons in Senators zone.
11:41 of 1st period - Penalty to Ryan Reaves is over, Ryan Reaves is back on ice.
13:05 of 1st period - Tom Nilsson is hit by Brian O'Neill and loses puck.
13:14 of 1st period - Brian O'Neill is hit by Matt Finn and loses puck.
13:39 of 1st period - Griffin Reinhart is hit by Gus Young and loses puck.
13:52 of 1st period - Colin Greening is hit by Ryan Reaves and loses puck.
14:32 of 1st period - Chris Brown is hit by Evan Trupp and loses puck.
14:57 of 1st period - Slapshot by Andre Benoit.
14:57 of 1st period - Stopped by Jean-Francois Berube with a rebound.
15:19 of 1st period - Icing by Tom Nilsson.
15:20 of 1st period - Philip McRae wins face-off versus Sebastian Wannstrom in Senators zone.
15:59 of 1st period - Snap shot by Griffin Reinhart.
15:59 of 1st period - Shot Misses the Net.
16:01 of 1st period - Wrist shot by Colton Orr.
16:01 of 1st period - Deflect By Colin Greening.
16:01 of 1st period - Deflect By Chris Brown.
16:01 of 1st period - Stopped by Evgeni Nabokov with a rebound.
16:17 of 1st period - Wrist shot by Evan Trupp.
16:17 of 1st period - Deflect By Brian O'Neill.
16:17 of 1st period - Stopped by Evgeni Nabokov without a rebound.
16:18 of 1st period - Evan Trupp wins face-off versus Joakim Nordstrom in Wolves zone.
16:57 of 1st period - Joe Whitney is hit by Mike Brown and loses puck.
18:42 of 1st period - Snap shot by Greg Nemisz.
18:42 of 1st period - Shot Misses the Net.
18:44 of 1st period - Snap shot by Greg Nemisz.
18:44 of 1st period - Stopped by Evgeni Nabokov with a rebound.
18:46 of 1st period - Wrist shot by Ryan Craig.
18:46 of 1st period - Shot Blocked by Gus Young.
19:15 of 1st period - Emerson Etem is hit by Sebastian Wannstrom and loses puck.
19:28 of 1st period - Snap shot by Joe Whitney.
19:28 of 1st period - Stopped by Jean-Francois Berube with a rebound.
19:30 of 1st period - Snap shot by Joe Whitney.
19:30 of 1st period - Shot Misses the Net.
19:38 of 1st period - Wrist shot by Joakim Nordstrom.
19:38 of 1st period - Shot Misses the Net.
Goals for this period are 0 for Senators vs 0 for Wolves.
Shots for this period are 7 for Senators vs 7 for Wolves.

2nd period


0:01 of 2nd period - Joakim Nordstrom wins face-off versus Cody Hodgson in neutral zone.
0:10 of 2nd period - Wrist shot by Joe Whitney.
0:10 of 2nd period - Stopped by Jean-Francois Berube with a rebound.
0:12 of 2nd period - Slapshot by Ryan Sproul.
0:12 of 2nd period - Stopped by Jean-Francois Berube without a rebound.
0:13 of 2nd period - Cody Hodgson wins face-off versus Joakim Nordstrom in Senators zone.
1:03 of 2nd period - Griffin Reinhart is hit by Chris Brown and loses puck.
1:10 of 2nd period - Mike Brown is hit by Chris Brown and loses puck.
1:23 of 2nd period - Slapshot by Mike Brown.
1:23 of 2nd period - Stopped by Evgeni Nabokov without a rebound.
1:24 of 2nd period - Evan Trupp wins face-off versus Sebastian Wannstrom in Wolves zone.
2:29 of 2nd period - Wrist shot by Mike Brown.
2:29 of 2nd period - Stopped by Evgeni Nabokov with a rebound.
2:31 of 2nd period - Slapshot by Greg Nemisz.
2:31 of 2nd period - Shot Blocked by Joe Piskula.
3:06 of 2nd period - Snap shot by Colton Sissons.
3:06 of 2nd period - Stopped by Jean-Francois Berube with a rebound.
3:08 of 2nd period - Slapshot by Gus Young.
3:08 of 2nd period - Shot Misses the Net.
3:30 of 2nd period - Griffin Reinhart is hit by Ryan Reaves and loses puck.
3:43 of 2nd period - Minor Penalty to Joe Whitney for Elbowing.
3:44 of 2nd period - Ryan Reaves wins face-off versus Cody Hodgson in Wolves zone.
3:49 of 2nd period - Colin Greening is hit by Ryan Sproul and loses puck.
4:40 of 2nd period - Snap shot by Emerson Etem.
4:40 of 2nd period - Shot Misses the Net.
5:20 of 2nd period - Griffin Reinhart is hit by Joe Piskula.
5:26 of 2nd period - Colton Sissons is hit by Colin Greening and loses puck.
5:43 of 2nd period - Penalty to Joe Whitney is over, Joe Whitney is back on ice.
5:47 of 2nd period - Joe Whitney is hit by Griffin Reinhart and loses puck.
6:06 of 2nd period - Joe Piskula is hit by Evan Trupp.
6:32 of 2nd period - Tom Nilsson is hit by Zach Miskovic and loses puck.
6:58 of 2nd period - Slapshot by Brian O'Neill.
6:58 of 2nd period - Stopped by Jean-Francois Berube with a rebound.
7:00 of 2nd period - Slapshot by Gus Young.
7:00 of 2nd period - Deflect By Colton Sissons.
7:00 of 2nd period - Stopped by Jean-Francois Berube with a rebound.
8:38 of 2nd period - Colton Sissons is hit by Colin Greening and loses puck.
9:01 of 2nd period - Snap shot by Scott Kosmachuk.
9:01 of 2nd period - Shot Misses the Net.
10:10 of 2nd period - Joakim Nordstrom is hit by Colton Orr and loses puck.
10:39 of 2nd period - Andre Benoit is hit by Darcy Zajac and loses puck.
11:33 of 2nd period - Off-side.
11:34 of 2nd period - Sebastian Wannstrom wins face-off versus Philip McRae in neutral zone.
12:26 of 2nd period - Adam Pelech is hit by Joe Finley and loses puck.
13:03 of 2nd period - Snap shot by Gus Young.
13:03 of 2nd period - Deflect By Ryan Reaves.
13:03 of 2nd period - Shot Misses the Net.
13:03 of 2nd period - Puck is out of play.
13:04 of 2nd period - Philip McRae wins face-off versus Kevin Lynch in Senators zone.
13:04 of 2nd period - Philip McRae is hit by Ryan Reaves.
13:07 of 2nd period - Minor Penalty to Tom Nilsson for Tripping.
13:08 of 2nd period - Joakim Nordstrom wins face-off versus Emerson Etem in Senators zone.
13:41 of 2nd period - Joe Finley is hit by Joakim Nordstrom and loses puck.
14:27 of 2nd period - Slapshot by Andre Benoit.
14:27 of 2nd period - Shot Misses the Net.
14:29 of 2nd period - Slapshot by Ryan Sproul.
14:29 of 2nd period - Stopped by Jean-Francois Berube with a rebound.
14:31 of 2nd period - Snap shot by Andre Benoit.
14:31 of 2nd period - Shot Blocked by Emerson Etem.
14:33 of 2nd period - Slapshot by Andre Benoit.
14:33 of 2nd period - Shot Blocked by Emerson Etem.
14:33 of 2nd period - Emerson Etem from Senators is injured at 14:33 of 2nd period (Right Knee).
14:34 of 2nd period - Connor Brown wins face-off versus Joakim Nordstrom in Senators zone.
14:40 of 2nd period - Off-side.
14:41 of 2nd period - Connor Brown wins face-off versus Joakim Nordstrom in neutral zone.
14:51 of 2nd period - Wrist shot by Connor Brown.
14:51 of 2nd period - Stopped by Evgeni Nabokov with a rebound.
15:07 of 2nd period - Penalty to Tom Nilsson is over, Tom Nilsson is back on ice.
15:13 of 2nd period - Wrist shot by Joe Whitney.
15:13 of 2nd period - Stopped by Jean-Francois Berube with a rebound.
15:15 of 2nd period - Snap shot by Andre Benoit.
15:15 of 2nd period - Shot Hit the Post.
15:17 of 2nd period - Snap shot by Joakim Nordstrom.
15:17 of 2nd period - Shot Blocked by Jesse Blacker.
16:55 of 2nd period - Andre Benoit is hit by Joe Finley and loses puck.
17:00 of 2nd period - Slapshot by Cody Hodgson.
17:00 of 2nd period - Stopped by Evgeni Nabokov with a rebound.
17:02 of 2nd period - Snap shot by Colin Greening.
17:02 of 2nd period - Shot Blocked by Zach Miskovic.
17:22 of 2nd period - Ryan Reaves is hit by Colton Orr and loses puck.
17:37 of 2nd period - Tom Nilsson is hit by Kevin Lynch and loses puck.
18:18 of 2nd period - Snap shot by Evan Rankin.
18:18 of 2nd period - Stopped by Jean-Francois Berube with a rebound.
18:28 of 2nd period - Wrist shot by Sebastian Wannstrom.
18:28 of 2nd period - Stopped by Jean-Francois Berube with a rebound.
18:58 of 2nd period - Minor Penalty to Joe Finley for Goalie Interference.
18:59 of 2nd period - Darcy Zajac wins face-off versus Colton Sissons in Senators zone.
19:15 of 2nd period - Slapshot by Brian O'Neill.
19:15 of 2nd period - Stopped by Jean-Francois Berube with a rebound.
19:17 of 2nd period - Snap shot by Brian O'Neill.
19:17 of 2nd period - Shot Blocked by Jesse Blacker.
Goals for this period are 0 for Senators vs 0 for Wolves.
Shots for this period are 4 for Senators vs 10 for Wolves.

3rd period


0:01 of 3rd period - Connor Brown wins face-off versus Joakim Nordstrom in neutral zone.
0:31 of 3rd period - Snap shot by Joakim Nordstrom.
0:31 of 3rd period - Goal by Joakim Nordstrom - Senators : 0 - Wolves : 1.
0:32 of 3rd period - Ryan Craig wins face-off versus Colton Sissons in neutral zone.
0:35 of 3rd period - Snap shot by Mike Brown.
0:35 of 3rd period - Shot Misses the Net.
0:37 of 3rd period - Slapshot by Jesse Blacker.
0:37 of 3rd period - Shot Misses the Net.
0:39 of 3rd period - Snap shot by Greg Nemisz.
0:39 of 3rd period - Shot Misses the Net.
0:49 of 3rd period - Slapshot by Greg Nemisz.
0:49 of 3rd period - Stopped by Evgeni Nabokov with a rebound.
1:05 of 3rd period - Andre Benoit is hit by Mike Brown and loses puck.
1:29 of 3rd period - Colin Greening is hit by Andre Benoit and loses puck.
2:00 of 3rd period - Snap shot by Evan Rankin.
2:00 of 3rd period - Shot Misses the Net.
2:04 of 3rd period - Slapshot by Sebastian Wannstrom.
2:04 of 3rd period - Deflect By Evan Rankin.
2:04 of 3rd period - Shot Misses the Net.
2:04 of 3rd period - Puck is out of play.
2:05 of 3rd period - Sebastian Wannstrom wins face-off versus Evan Trupp in Senators zone.
2:10 of 3rd period - Snap shot by Evan Rankin.
2:10 of 3rd period - Shot Blocked by Evan Trupp.
3:41 of 3rd period - Ryan Sproul is hit by Griffin Reinhart and loses puck.
4:04 of 3rd period - Joe Piskula is hit by Colton Orr and loses puck.
4:33 of 3rd period - Wrist shot by Colin Greening.
4:33 of 3rd period - Stopped by Evgeni Nabokov without a rebound.
4:34 of 3rd period - Cody Hodgson wins face-off versus Sebastian Wannstrom in Wolves zone.
4:51 of 3rd period - Wrist shot by Mike Brown.
4:51 of 3rd period - Shot Blocked by Gus Young.
4:53 of 3rd period - Wrist shot by Mike Brown.
4:53 of 3rd period - Stopped by Evgeni Nabokov with a rebound.
5:21 of 3rd period - Evan Trupp is hit by Colton Sissons and loses puck.
5:26 of 3rd period - Wrist shot by Brian O'Neill.
5:26 of 3rd period - Stopped by Jean-Francois Berube with a rebound.
5:32 of 3rd period - Snap shot by Evan Trupp.
5:32 of 3rd period - Stopped by Evgeni Nabokov with a rebound.
5:34 of 3rd period - Slapshot by Griffin Reinhart.
5:34 of 3rd period - Deflect By Colton Sissons.
5:34 of 3rd period - Stopped by Evgeni Nabokov with a rebound.
6:29 of 3rd period - Wrist shot by Greg Nemisz.
6:29 of 3rd period - Stopped by Evgeni Nabokov with a rebound.
6:31 of 3rd period - Snap shot by Ryan Craig.
6:31 of 3rd period - Shot Misses the Net.
6:33 of 3rd period - Slapshot by Viktor Loov.
6:33 of 3rd period - Stopped by Evgeni Nabokov with a rebound.
6:35 of 3rd period - Backhand shot by Mike Brown.
6:35 of 3rd period - Shot Misses the Net.
6:37 of 3rd period - Slapshot by Mike Brown.
6:37 of 3rd period - Deflect By Greg Nemisz.
6:37 of 3rd period - Goal by Greg Nemisz - Senators : 1 - Wolves : 1.
6:38 of 3rd period - Sebastian Wannstrom wins face-off versus Cody Hodgson in neutral zone.
7:25 of 3rd period - Slapshot by Brian O'Neill.
7:25 of 3rd period - Shot Misses the Net.
7:29 of 3rd period - Snap shot by Brian O'Neill.
7:29 of 3rd period - Shot Blocked by Ryan Craig.
7:57 of 3rd period - Snap shot by Joakim Nordstrom.
7:57 of 3rd period - Shot Misses the Net.
9:25 of 3rd period - Wrist shot by Kenny Ryan.
9:25 of 3rd period - Shot Misses the Net.
9:27 of 3rd period - Slapshot by Matt Finn.
9:27 of 3rd period - Stopped by Evgeni Nabokov with a rebound.
9:53 of 3rd period - Off-side.
9:54 of 3rd period - Kevin Lynch wins face-off versus Ryan Craig in neutral zone.
10:15 of 3rd period - Slapshot by Andre Benoit.
10:15 of 3rd period - Shot Misses the Net.
10:30 of 3rd period - Icing by Jesse Blacker.
10:31 of 3rd period - Ryan Craig wins face-off versus Colton Sissons in Senators zone.
10:42 of 3rd period - Snap shot by Colton Sissons.
10:42 of 3rd period - Stopped by Jean-Francois Berube with a rebound.
10:51 of 3rd period - Off-side.
10:52 of 3rd period - Ryan Reaves wins face-off versus Cody Hodgson in neutral zone.
10:57 of 3rd period - Slapshot by Joe Whitney.
10:57 of 3rd period - Deflect By Joakim Nordstrom.
10:57 of 3rd period - Shot Misses the Net.
10:57 of 3rd period - Puck is out of play.
10:58 of 3rd period - Joakim Nordstrom wins face-off versus Evan Trupp in Senators zone.
11:25 of 3rd period - Joe Whitney is hit by Joe Finley and loses puck.
11:44 of 3rd period - Slapshot by Andre Benoit.
11:44 of 3rd period - Shot Misses the Net.
11:50 of 3rd period - Wrist shot by Josh Anderson.
11:50 of 3rd period - Shot Misses the Net.
11:52 of 3rd period - Slapshot by Adam Pelech.
11:52 of 3rd period - Deflect By Josh Anderson.
11:52 of 3rd period - Stopped by Jean-Francois Berube without a rebound.
11:53 of 3rd period - Ryan Craig wins face-off versus Sebastian Wannstrom in Senators zone.
12:38 of 3rd period - Minor Penalty to Evan Trupp for Elbowing.
12:39 of 3rd period - Connor Brown wins face-off versus Colton Sissons in Senators zone.
12:49 of 3rd period - Jesse Blacker is hit by Brian O'Neill and loses puck.
13:30 of 3rd period - Griffin Reinhart is hit by Ryan Reaves and loses puck.
13:37 of 3rd period - Slapshot by Viktor Loov.
13:37 of 3rd period - Shot Misses the Net.
14:03 of 3rd period - Wrist shot by Colton Sissons.
14:03 of 3rd period - Stopped by Jean-Francois Berube with a rebound.
14:38 of 3rd period - Penalty to Evan Trupp is over, Evan Trupp is back on ice.
15:12 of 3rd period - Minor Penalty to Tom Nilsson for Hooking.
15:13 of 3rd period - Darcy Zajac wins face-off versus Colton Sissons in Senators zone.
15:22 of 3rd period - Slapshot by Andre Benoit.
15:22 of 3rd period - Deflect By Brian O'Neill.
15:22 of 3rd period - Shot Blocked by Jesse Blacker.
15:22 of 3rd period - Puck is out of play.
15:23 of 3rd period - Darcy Zajac wins face-off versus Colton Sissons in Senators zone.
15:56 of 3rd period - Icing by Andre Benoit.
15:57 of 3rd period - Evan Trupp wins face-off versus Joakim Nordstrom in Wolves zone.
16:00 of 3rd period - Slapshot by Mike Brown.
16:00 of 3rd period - Deflect By Andre Benoit.
16:00 of 3rd period - Shot Blocked by Ryan Reaves.
16:00 of 3rd period - Puck is out of play.
16:01 of 3rd period - Evan Trupp wins face-off versus Joakim Nordstrom in Wolves zone.
16:44 of 3rd period - Slapshot by Colton Sissons.
16:44 of 3rd period - Shot Misses the Net.
16:50 of 3rd period - Colton Sissons is hit by Joe Finley and loses puck.
16:59 of 3rd period - Connor Brown is hit by Chris Brown and loses puck.
17:12 of 3rd period - Penalty to Tom Nilsson is over, Tom Nilsson is back on ice.
17:41 of 3rd period - Off-side.
17:42 of 3rd period - Sebastian Wannstrom wins face-off versus Ryan Craig in neutral zone.
17:59 of 3rd period - Snap shot by Sebastian Wannstrom.
17:59 of 3rd period - Shot Blocked by Matt Finn.
18:03 of 3rd period - Wrist shot by Sebastian Wannstrom.
18:03 of 3rd period - Stopped by Jean-Francois Berube with a rebound.
18:05 of 3rd period - Snap shot by Sebastian Wannstrom.
18:05 of 3rd period - Stopped by Jean-Francois Berube with a rebound.
18:07 of 3rd period - Snap shot by Evan Rankin.
18:07 of 3rd period - Stopped by Jean-Francois Berube with a rebound.
18:09 of 3rd period - Slapshot by Sebastian Wannstrom.
18:09 of 3rd period - Deflect By Evan Rankin.
18:09 of 3rd period - Stopped by Jean-Francois Berube with a rebound.
18:11 of 3rd period - Wrist shot by Sebastian Wannstrom.
18:11 of 3rd period - Stopped by Jean-Francois Berube with a rebound.
18:21 of 3rd period - Greg Nemisz is hit by Gus Young and loses puck.
Goals for this period are 1 for Senators vs 1 for Wolves.
Shots for this period are 9 for Senators vs 10 for Wolves.

Overtime #1


0:01 of 1st overtime period - Colton Orr wins face-off versus Ryan Reaves in neutral zone.
0:04 of 1st overtime period - Slapshot by Griffin Reinhart.
0:04 of 1st overtime period - Shot Misses the Net.
0:49 of 1st overtime period - Andre Benoit is hit by Griffin Reinhart and loses puck.
1:09 of 1st overtime period - Joe Finley is hit by Joakim Nordstrom and loses puck.
1:21 of 1st overtime period - Colton Orr is hit by Ryan Sproul and loses puck.
1:44 of 1st overtime period - Snap shot by Connor Brown.
1:44 of 1st overtime period - Shot Blocked by Evan Rankin.
1:50 of 1st overtime period - Slapshot by Griffin Reinhart.
1:50 of 1st overtime period - Deflect By Joe Piskula.
1:50 of 1st overtime period - Stopped by Evgeni Nabokov with a rebound.
1:52 of 1st overtime period - Snap shot by Connor Brown.
1:52 of 1st overtime period - Shot Misses the Net.
1:54 of 1st overtime period - Snap shot by Connor Brown.
1:54 of 1st overtime period - Stopped by Evgeni Nabokov without a rebound.
1:55 of 1st overtime period - Darcy Zajac wins face-off versus Ryan Reaves in Wolves zone.
1:58 of 1st overtime period - Backhand shot by Connor Brown.
1:58 of 1st overtime period - Stopped by Evgeni Nabokov with a rebound.
2:00 of 1st overtime period - Snap shot by Griffin Reinhart.
2:00 of 1st overtime period - Shot Blocked by Ryan Reaves.
2:10 of 1st overtime period - Wrist shot by Connor Brown.
2:10 of 1st overtime period - Shot Misses the Net.
2:12 of 1st overtime period - Slapshot by Darcy Zajac.
2:12 of 1st overtime period - Shot Blocked by Joakim Nordstrom.
2:14 of 1st overtime period - Wrist shot by Connor Brown.
2:14 of 1st overtime period - Shot Blocked by Joe Piskula.
2:40 of 1st overtime period - Slapshot by Andre Benoit.
2:40 of 1st overtime period - Deflect By Evan Rankin.
2:40 of 1st overtime period - Stopped by Jean-Francois Berube with a rebound.
2:42 of 1st overtime period - Wrist shot by Scott Kosmachuk.
2:42 of 1st overtime period - Stopped by Jean-Francois Berube without a rebound.
2:43 of 1st overtime period - Colton Orr wins face-off versus Evan Rankin in Senators zone.
2:52 of 1st overtime period - Snap shot by Evan Rankin.
2:52 of 1st overtime period - Shot Misses the Net.
3:17 of 1st overtime period - Andre Benoit is hit by Griffin Reinhart and loses puck.
3:44 of 1st overtime period - Wrist shot by Evan Trupp.
3:44 of 1st overtime period - Shot Blocked by Andre Benoit.
3:46 of 1st overtime period - Slapshot by Viktor Loov.
3:46 of 1st overtime period - Stopped by Evgeni Nabokov with a rebound.
3:48 of 1st overtime period - Wrist shot by Viktor Loov.
3:48 of 1st overtime period - Deflect By Mike Brown.
3:48 of 1st overtime period - Stopped by Evgeni Nabokov with a rebound.
3:50 of 1st overtime period - Wrist shot by Evan Trupp.
3:50 of 1st overtime period - Shot Blocked by Ryan Sproul.
3:52 of 1st overtime period - Slapshot by Viktor Loov.
3:52 of 1st overtime period - Deflect By Mike Brown.
3:52 of 1st overtime period - Shot Misses the Net.
3:52 of 1st overtime period - Puck is out of play.
3:53 of 1st overtime period - Ryan Reaves wins face-off versus Colton Orr in Wolves zone.
3:58 of 1st overtime period - Snap shot by Ryan Reaves.
3:58 of 1st overtime period - Shot Misses the Net.
4:00 of 1st overtime period - Slapshot by Joe Piskula.
4:00 of 1st overtime period - Shot Blocked by Viktor Loov.
4:02 of 1st overtime period - Slapshot by Adam Pelech.
4:02 of 1st overtime period - Shot Misses the Net.
4:04 of 1st overtime period - Slapshot by Adam Pelech.
4:04 of 1st overtime period - Shot Blocked by Viktor Loov.
4:06 of 1st overtime period - Wrist shot by Ryan Reaves.
4:06 of 1st overtime period - Stopped by Jean-Francois Berube with a rebound.
4:08 of 1st overtime period - Slapshot by Adam Pelech.
4:08 of 1st overtime period - Shot Blocked by Colton Orr.
4:10 of 1st overtime period - Wrist shot by Joakim Nordstrom.
4:10 of 1st overtime period - Shot Misses the Net.
4:12 of 1st overtime period - Slapshot by Joe Piskula.
4:12 of 1st overtime period - Stopped by Jean-Francois Berube without a rebound.
4:13 of 1st overtime period - Ryan Reaves wins face-off versus Colton Orr in Senators zone.
4:33 of 1st overtime period - Jesse Blacker is hit by Ryan Reaves and loses puck.
Goals for this period are 0 for Senators vs 0 for Wolves.
Shots for this period are 5 for Senators vs 4 for Wolves.

ShootOut


5:00 of 1st overtime period - Penalty Shot by Greg Nemisz for Senators.
5:00 of 1st overtime period - Deke by Greg Nemisz.
5:00 of 1st overtime period - Goal by Greg Nemisz.
5:00 of 1st overtime period - Penalty Shot by Ryan Reaves for Wolves.
5:00 of 1st overtime period - Wrist shot by Ryan Reaves.
5:00 of 1st overtime period - Shot Misses the Net.
5:00 of 1st overtime period - Penalty Shot by Cody Hodgson for Senators.
5:00 of 1st overtime period - Wrist shot by Cody Hodgson.
5:00 of 1st overtime period - Stopped by Evgeni Nabokov.
5:00 of 1st overtime period - Penalty Shot by Joakim Nordstrom for Wolves.
5:00 of 1st overtime period - Wrist shot by Joakim Nordstrom.
5:00 of 1st overtime period - Goal by Joakim Nordstrom.
5:00 of 1st overtime period - Penalty Shot by Colin Greening for Senators.
5:00 of 1st overtime period - Backhand shot by Colin Greening.
5:00 of 1st overtime period - Stopped by Evgeni Nabokov.
5:00 of 1st overtime period - Penalty Shot by Brian O'Neill for Wolves.
5:00 of 1st overtime period - Backhand shot by Brian O'Neill.
5:00 of 1st overtime period - Stopped by Jean-Francois Berube.
5:00 of 1st overtime period - Penalty Shot by Ryan Craig for Senators.
5:00 of 1st overtime period - Wrist shot by Ryan Craig.
5:00 of 1st overtime period - Goal by Ryan Craig.
5:00 of 1st overtime period - Penalty Shot by Colton Sissons for Wolves.
5:00 of 1st overtime period - Deke by Colton Sissons.
5:00 of 1st overtime period - Stopped by Jean-Francois Berube.